 Dungeon Crawl Stone Soup version 0.20.0-10-g0535bb4 (webtiles) character file.

150 skittles the Firebug (level 5, -1/40 HPs)
             Began as a Draconian Fire Elementalist on June 3, 2017.
             Killed by divine providence
             ... invoked by an orc priest
              (10 damage)
             ... on level 3 of the Dungeon.
             The game lasted 00:04:41 (2420 turns).

skittles the Firebug (Draconian Fire Elementalist)  Turns: 2420, Time: 00:04:41

Health: -1/40      AC:  6    Str: 11    XL:     5   Next: 10%
Magic:  17/17      EV: 12    Int: 16    God:
Gold:   107        SH:  0    Dex: 11    Spells: 4/8 levels left

rFire    . . .     SeeInvis .   c - +0 spear
rCold    . . .     Gourm    .   (no shield)
rNeg     . . .     Faith    .   (armour unavailable)
rPois    .         Spirit   .   (helmet restricted)
rElec    .         Reflect  .   (no cloak)
rCorr    .         Harm     .   (no gloves)
MR       .....                  e - +0 pair of boots
Stlth    ++........             (no amulet)
Regen    0.2/turn               d - ring of magical power
MPRegen  0.2/turn               (no ring)

@: drained
A: unfitting armour, cold-blooded, AC +5
a: no special abilities


You were on level 3 of the Dungeon.
You were very hungry.

You visited 1 branch of the dungeon, and saw 3 of its levels.

You collected 107 gold pieces.

Inventory:

Hand Weapons
 c - a +0 spear (weapon)
Armour
 e - a +0 pair of boots (worn)
 o - a +0 large shield
Jewellery
 d - a ring of magical power (left hand)
Scrolls
 f - 4 scrolls of remove curse {unknown}
 g - a scroll of recharging {unknown}
 i - 3 scrolls of identify {unknown}
 j - a scroll of blinking {unknown}
 m - a scroll of fear {unknown}
 p - a scroll of teleportation {unknown}
Potions
 k - a potion of ambrosia
 l - a potion of heal wounds {unknown}
Books
 a - a book of Flames

   Spells                             Type                      Level
   a - Flame Tongue                   Conjuration/Fire             1
   b - Throw Flame                    Conjuration/Fire             2
   c - Conjure Flame                  Conjuration/Fire             3
   d - Inner Flame                    Hexes/Fire                   3
   e - Sticky Flame                   Conjuration/Fire             4
   f - Fireball                       Conjuration/Fire             5
Comestibles
 b - a bread ration


   Skills:
 - Level 1.0(0.9) Fighting
 - Level 1.4(1.2) Polearms
 - Level 1.7(1.5) Dodging
 - Level 1.7(1.5) Stealth
 - Level 2.0(1.8) Spellcasting
 + Level 2.6(2.4) Conjurations
 + Level 4.6(4.4) Fire Magic


You had 4 spell levels left.
You knew the following spells:

 Your Spells              Type           Power        Failure   Level  Hunger
a - Flame Tongue          Conj/Fire      ##...        4%          1    ##.....
b - Conjure Flame         Conj/Fire      ##......     16%         3    ####...


Dungeon Overview and Level Annotations

Branches:
Dungeon (3/15)

Altars:
Xom

Annotations:
D:3 Robin


Innate Abilities, Weirdness & Mutations

Your plain brown scales are hard. (AC +5)
You cannot fit into any form of body armour.
You are cold-blooded and may be slowed by cold attacks.


Message History

The adder is heavily wounded.
The adder bites you.
You are more poisoned.
The adder poisons you! The hobgoblin closely misses you. The goblin misses you.
You hit the adder. You tail-slap the adder.
You kill the adder!
You feel sick.
The orc priest looks satisfied for a moment.
The hobgoblin closely misses you. The goblin hits you with a club.
There is an open door here.
You feel better. The hobgoblin closely misses you.
Found a fizzy silvery potion.
The orc priest mumbles some strange prayers to Beogh against you.
Beogh smites you!
* * * LOW HITPOINT WARNING * * *
You open the door. The hobgoblin closely misses you.
There is an open door here.
The orc priest mumbles some strange prayers to Beogh against you.
Beogh smites you!
You die...

.ggo)g.....# #.##.#.#
..####.##### #.#....#
##'## #.#.#..# ##..g##
#......# ##....o##
####.### #.......##
##.##.###
#.....$..g####.......#
+........og.g.....(#.#
#.........####g@.#.#.#
##.......## #.....# #
##.....## #..####
##.!.## #..# ##+#
#..####.# #.#
#.......# ######.###
#.####### .........#
#.# .........# #.#


You could see an orc priest, a hobgoblin and 3 goblins.

Vanquished Creatures
  An orc priest (D:3)
  7 adders
  A worm (D:2)
  2 dart slugs
  A leopard gecko (D:2)
  An orc (D:3)
  5 giant cockroaches
  2 goblins (D:3)
  10 hobgoblins
  3 jackals (D:3)
  2 quokkas (D:2)
  4 bats
  4 frilled lizards
  3 kobolds
  3 rats (D:2)
49 creatures vanquished.

Notes
Turn   | Place    | Note
-------+----------+-------------------------------------------
     0 | D:1      | skittles the Draconian Fire Elementalist began the quest for the Orb.
     0 | D:1      | Reached XP level 1. HP: 14/14 MP: 3/3
   824 | D:1      | Reached XP level 2. HP: 15/20 MP: 5/5
  1557 | D:2      | Reached skill level 1 in Polearms
  1557 | D:2      | Reached XP level 3. HP: 16/27 MP: 6/6
  1559 | D:2      | Reached skill level 4 in Fire Magic
  1926 | D:2      | Reached skill level 1 in Fighting
  1932 | D:2      | Reached XP level 4. HP: 30/35 MP: 7/7
  2078 | D:2      | Found a shimmering altar of Xom.
  2273 | D:3      | Learned a level 3 spell: Conjure Flame
  2391 | D:3      | Noticed Robin
  2397 | D:3      | Reached XP level 5. HP: 6/40 MP: 3/8
  2399 | D:3      | HP: 1/40 [goblin/club[Robin] (5)]
  2420 | D:3      | Killed from afar by an orc priest

Skill      XL: |  1  2  3  4 |
---------------+-------------+-----
Polearms       | 1 |  1.4
Fire Magic     | 4 |  4.6
Fighting       | 1 |  1.0
Conjurations   | 2 |  2.6
Dodging        | |  1.7
Stealth        | |  1.7
Spellcasting   | |  2.0

Action                   |  1- 3 |  4- 6 || total
-------------------------+-------+-------++-------
Melee: Spear             |    70 |    32 ||   102
       Tailslap          |     1 |     3 ||     4
 Cast: Flame Tongue      |    34 |    38 ||    72
  Use: Potion            |       |     3 ||     3
 Stab: Sleeping          |     2 |     1 ||     3
  Eat: Chunk             |     4 |     1 ||     5
Armor: Skin              |    23 |    25 ||    48
Dodge: Dodged            |    47 |    58 ||   105
